 Dungeon Crawl Stone Soup version 0.25.1-2-g60ff931df9 (webtiles) character file.

Game seed: 9671114337903749700

115 raphialitos the Skirmisher (level 5, 0/57 HPs)
             Began as an Ogre Berserker on Oct 9, 2020.
             Was a Believer of Trog.
             Succumbed to a kobold's poison
             ... on level 3 of the Dungeon.
             The game lasted 00:05:59 (3319 turns).

raphialitos the Skirmisher (Ogre Berserker)         Turns: 3319, Time: 00:06:00

Health: 0/57       AC:  4    Str: 22    XL:     5   Next: 0%
Magic:  5/5        EV: 10    Int:  8    God:    Trog [**....]
Gold:   59         SH:  0    Dex:  8    Spells: 4/4 levels left

rFire    . . .     SeeInvis .   l - +0 short sword (curse)
rCold    . . .     Gourm    .   (no shield)
rNeg     . . .     Faith    .   b - +1 animal skin
rPois    .         Spirit   .   (helmet restricted)
rElec    .         Reflect  .   (no cloak)
rCorr    +         Harm     .   (gloves unavailable)
MR       .....                  (boots unavailable)
Stlth    +.........             (no amulet)
HPRegen  0.19/turn              d - ring of resist corrosion
MPRegen  0.09/turn              (no ring)

@: lethally poisoned (0 -> -19)
A: large, unfitting armour, tough skin 1
a: Berserk, Trog's Hand, Renounce Religion


You were on level 3 of the Dungeon.
You worshipped Trog.
Trog was pleased with you.
You were hungry.

You visited 1 branch of the dungeon, and saw 3 of its levels.

You collected 59 gold pieces.

Inventory:

Hand Weapons
 a - a +0 hand axe
 l - a cursed +0 short sword (weapon)
Missiles
 e - 81 sling bullets
Armour
 b - a +1 animal skin (worn)
Jewellery
 d - a ring of resist corrosion (left hand)
Scrolls
 f - a scroll of identify
 h - 2 scrolls of teleportation
Potions
 g - a potion of invisibility
 k - 2 potions of curing {unknown}
Comestibles
 c - a ration


   Skills:
 + Level 5.1 Fighting
 + Level 1.0 Short Blades
 + Level 3.6 Axes
 + Level 3.6 Dodging
 + Level 0.4 Stealth


You had 4 spell levels left.
You didn't know any spells.
Your spell library was empty.

Dungeon Overview and Level Annotations

Branches:
Dungeon (3/15)

Altars:
Elyvilon


Innate Abilities, Weirdness & Mutations

You are too large for most types of armour.
You have tough skin. (AC +1)


Message History

You are more poisoned.
The orc hits you but does no damage.
You feel sick. The orc hits you with a +0 flail! The orc hits you.
You feel very sick. The orc hits you but does no damage.
You feel sick. The orc hits you with a +0 flail.
* * * LOW HITPOINT WARNING * * *
The orc closely misses you.
* * * LOW HITPOINT WARNING * * *
You feel sick. The orc hits you with a +0 flail.
* * * LOW HITPOINT WARNING * * *
The orc hits you.
* * * LOW HITPOINT WARNING * * *
* * * LOW HITPOINT WARNING * * *
You feel very sick. The orc barely misses you. The orc closely misses you.
* * * LOW HITPOINT WARNING * * *
You feel sick. The orc closely misses you. The orc hits you.
* * * LOW HITPOINT WARNING * * *
You die...

#########
....oooo#
#@# #K#
#.# #.#
#.# ...
#.# #.#
...


You could see an orc wizard, 3 orcs and a kobold.

Vanquished Creatures
  3 gnolls (D:2)
  2 adders (D:2)
  An ooze (D:2)
  2 worms (D:2)
  A dart slug (D:1)
  4 giant cockroaches (D:2)
  7 goblins
  8 hobgoblins
  3 jackals (D:2)
  7 kobolds
  A quokka (D:2)
  8 bats
  3 frilled lizards (D:2)
  5 rats
55 creatures vanquished.

Notes
Turn   | Place    | Note
-------+----------+-------------------------------------------
     0 | D:1      | raphialitos the Ogre Berserker began the quest for the Orb.
     0 | D:1      | Reached XP level 1. HP: 24/24 MP: 1/1
   410 | D:1      | Reached XP level 2. HP: 29/32 MP: 2/2
  1078 | D:1      | Reached XP level 3. HP: 38/40 MP: 3/3
  2128 | D:2      | Reached XP level 4. HP: 45/49 MP: 4/4
  2256 | D:2      | Reached ** piety under Trog
  2256 | D:2      | Reached skill level 5 in Fighting
  2368 | D:2      | Found a white marble altar of Elyvilon.
  2947 | D:2      | HP: 1/75 [gnoll/+0 spear (3)]
  2948 | D:2      | Reached skill level 1 in Short Blades
  2948 | D:2      | Reached XP level 5. HP: 2/57 MP: 5/5
  3318 | D:3      | HP: 2/57 [orc (5)]
  3319 | D:3      | Succumbed to a kobold's poison

Illustrated notes

Levels and vault maps discovered:
D:1:      nzn_arrival_water_spiral, layout_loops_corners
D:2:      layout_basic, elyvilon_altar_3
D:3:      layout_loops_corners, fedhas_altar_4, uniq_sigmund

Skill      XL: |  1  2  3  4 |
---------------+-------------+-----
Dodging        | 3 |  3.6
Fighting       | 5 |  5.1
Short Blades   | 1 |  1.0
Axes           | |  3.6
Stealth        | |  0.4

Action                   |  1- 3 |  4- 6 || total
-------------------------+-------+-------++-------
Melee: Hand axe          |   107 |       ||   107
       Short sword       |    39 |   106 ||   145
Invok: Berserk           |       |     1 ||     1
  Use: Scroll            |     4 |       ||     4
  Eat: Chunk             |     1 |     4 ||     5
       Ration            |     1 |       ||     1
Armor: Animal skin       |    47 |    88 ||   135
Dodge: Dodged            |    87 |   120 ||   207
